 Dungeon Crawl Stone Soup version 0.32-a0-607-g64ea0e4219 (webtiles) character file.

Game seed: 351312724969824293

3364 Revguard the Prestidigitator (level 10, -16/77 HPs)
             Began as a Coglin Berserker on Mar 4, 2024.
             Was a Believer of Trog.
             Killed from afar by Maggie (36 damage)
             ... with a bolt of fire
             ... on level 7 of the Dungeon.
             The game lasted 00:12:03 (5802 turns).

Revguard the Prestidigitator (Coglin Berserker)     Turns: 5802, Time: 00:12:05

Health: -16/77     AC: 14    Str: 21    XL:     10   Next: 3%
Magic:  10/10      EV:  8    Int:  7    God:    Trog [**....]
Gold:   413        SH:  0    Dex: 14    Spells: 9/9 levels left

rFire   . . .        A - +4 hand axe {Paloma}
rCold   . . .        l - +0 war axe {Zorawar}
rNeg    . . .        k - +1 plate armour
rPois   .            (no helmet)
rElec   .            v - +0 cloak
rCorr   .            (no gloves)
SInv    .            (no boots)
Will    .....        (amulet unavailable) Stlth
                     (ring unavailable)
HPRegen 0.32/turn    (ring unavailable)
MPRegen 0.12/turn    (no gizmo)

%: no passive effects
@: revved
A: off-hand wielding, slow wielding, warmup strikes, no jewellery
a: Invent Gizmo, Renounce Religion, Berserk, Trog's Hand


You were on level 7 of the Dungeon.
You worshipped Trog.
Trog was pleased with you.
You visited 1 branch of the dungeon, and saw 7 of its levels.

You collected 413 gold pieces.

Inventory:

Hand Weapons
 a - a +0 hand axe {Ilse}
 c - a +0 dagger {Magnus}
 e - a +0 mace {Shi}
 l - a +0 war axe (offhand) {Zorawar}
 A - a +4 hand axe (weapon) {Paloma}
Missiles
 y - a throwing net
Armour
 b - a +0 animal skin
 g - a +0 ring mail
 k - a +1 plate armour (worn)
 v - a +0 cloak (worn)
Wands
 j - a wand of flame (30)
 q - a wand of warping (10)
 s - a wand of mindburst (9) (quivered)
Scrolls
 d - 3 scrolls of teleportation
 f - a scroll of identify {unknown}
 h - a scroll of enchant armour
 i - a scroll of immolation {unknown}
 m - 2 scrolls of poison
 p - a scroll of blinking {unknown}
 r - 2 scrolls of fear {unknown}
 t - a scroll of enchant weapon {unknown}
 u - 2 scrolls of amnesia {unknown}
 w - a scroll of brand weapon {unknown}
 x - a scroll of vulnerability {unknown}
 D - a scroll of silence {unknown}
Potions
 n - 2 potions of haste
 o - a potion of lignification
 z - a potion of ambrosia
 B - a potion of enlightenment
 C - a potion of heal wounds {unknown}
 E - a potion of curing {unknown}


   Skills:
 + Level 6.9 Fighting
 + Level 6.8 Axes
 + Level 6.0 Armour
 + Level 5.8 Dodging
 + Level 8.0 Evocations


You had 9 spell levels left.
You didn't know any spells.
Your spell library was empty.

Dungeon Overview and Level Annotations

Branches:
Dungeon (7/15)
 Temple: D:4-7

Altars:
Dithmenos
Fedhas
Gozag
Makhleb

Shops:
D:6 *

Annotations:
D:5 2 transporters, flappinfish's ghost, novice CoGl
D:7 Maggie


Innate Abilities, Weirdness & Mutations

You can wield a second weapon in your off-hand.
It takes a long time for you to wield or remove held weapons.
Your first few attacks do less damage.
You cannot equip rings or amulets.


Message History

Press: ? - help, Q - select action, (/) - cycle Shift-Dir - straight line, f - Maggie
Aim: Maggie, wielding a +3 morningstar of flaming, wearing +0 acid dragon scales and carrying a wand of quicksilver (mesmerising, chance to affect: 87%) Maggie's mind is blasted!!
Maggie zaps a wand.
The bolt of dispelling energy misses you.
Found a silver ring.
Maggie hits you with a +3 morningstar of flaming!
Maggie burns you.
You hit Maggie but do no damage.
Maggie is heavily wounded.
You slash Maggie with your +0 war axe!
Maggie zaps a wand.
The bolt of dispelling energy hits you!
Your magical effects are unravelling.
You hit Maggie with your +4 hand axe.
Maggie is severely wounded.
You hit Maggie but do no damage.
You break out of your daze.
Maggie barely misses you.
You hit Maggie but do no damage.
Maggie is severely wounded.
You barely miss Maggie with your +4 hand axe.
Maggie closely misses you.
You barely miss Maggie with your +0 war axe.
Maggie is severely wounded.
You closely miss Maggie with your +4 hand axe.
Maggie points at you and mumbles some strange words.
The bolt of fire hits you!
You barely miss Maggie with your +4 hand axe.
Maggie is severely wounded.
You barely miss Maggie with your +0 war axe.
Maggie casts a spell at you. The bolt of fire hits you!
* * * LOW HITPOINT WARNING * * *
You barely miss Maggie with your +0 war axe.
Maggie is severely wounded.
You slash Maggie with your +4 hand axe! Maggie barely misses you.
Maggie mumbles the words to a spell, but in the wrong order.
Maggie casts a spell at you. The bolt of fire hits you!!!
You die...

.....#...# ##.## #.##
........### #.## #.#
..###.....# #.### #.#
#####'###...###.#
#.....#.......#
###.⌠.⌠.##.##...##
#.'.._..+..###...#
#.#.⌠.⌠)#### ##...
#@#.....#.####..#. .
#@###+###..#...### .
... ........## . .....
........# # . .......
........#### .
=..........#)....)... .
........... #.........
.
...#...#...###.......##
# #..###..##


You could see Maggie.

Vanquished Creatures
  Pikel (D:4)
  A wyvern (D:7)
  A yak (D:4)
  A water moccasin (D:7)
  A black bear (D:7)
  An ice beast (D:7)
  2 ogres (D:7)
  4 lemures (D:4)
  A centaur (D:7)
  2 phantoms
  A kobold brigand (D:7)
  2 bullfrogs
  3 scorpions
  14 wights
  A jelly (D:6)
  2 killer bees (D:4)
  An electric eel (D:6)
  A bombardier beetle (D:5)
  3 hounds
  An orc priest (D:3)
  A gnoll bouda (D:6)
  Crazy Yiuf (D:5)
  5 iguanas
  15 gnolls
  5 adders
  3 white imps
  4 ufetubi
  3 dart slugs
  10 orcs
  7 ball pythons
  6 endoplasms
  3 giant cockroaches
  10 goblins
  9 hobgoblins
  2 jackals (D:5)
  13 kobolds
  3 quokkas
  6 bats
  6 rats
156 creatures vanquished.

Notes
Turn   | Place    | Note
-------+----------+-------------------------------------------
     0 | D:1      | Revguard the Coglin Berserker began the quest for the Orb.
     0 | D:1      | Reached XP level 1. HP: 18/18 MP: 1/1
    70 | D:1      | Reached XP level 2. HP: 20/24 MP: 2/2
   250 | D:1      | Reached skill level 1 in Evocations
   700 | D:2      | Reached XP level 3. HP: 28/29 MP: 3/3
  1102 | D:2      | Reached XP level 4. HP: 35/35 MP: 4/4
  1175 | D:2      | Reached ** piety under Trog
  1176 | D:2      | Reached skill level 2 in Evocations
  1475 | D:3      | Reached XP level 5. HP: 40/41 MP: 5/5
  1946 | D:3      | Reached skill level 3 in Evocations
  2263 | D:4      | Reached XP level 6. HP: 46/48 MP: 6/6
  2273 | D:4      | Noticed Pikel
  2288 | D:4      | Killed Pikel
  2289 | D:4      | Reached skill level 4 in Evocations
  2289 | D:4      | Reached XP level 7. HP: 55/55 MP: 7/7
  2363 | D:4      | Reached skill level 5 in Fighting
  2363 | D:4      | Reached skill level 5 in Evocations
  2363 | D:4      | Reached XP level 8. HP: 61/62 MP: 8/8
  2415 | D:4      | Identified the ring of Qusog {rPois rF+ Int+3 Slay-6}
  2698 | D:4      | Noticed a yak
  2707 | D:4      | Reached skill level 5 in Axes
  2719 | D:4      | Killed a yak
  2730 | D:4      | HP: 3/62 [poisoned by a scorpion]
  2732 | D:4      | HP: 1/62 [poisoned by a scorpion]
  2737 | D:4      | HP: 1/93 [poisoned by a scorpion]
  3099 | D:5      | Entered Level 5 of the Dungeon
  3518 | D:5      | Reached skill level 6 in Evocations
  3527 | D:5      | Found a runed translucent door.
  3528 | D:5      | Noticed Crazy Yiuf
  3535 | D:5      | Killed Crazy Yiuf
  3726 | D:5      | Noticed flappinfish's ghost (novice CoGl)
  3738 | D:5      | Found a transporter.
  3742 | D:5      | Found a transporter.
  3886 | D:6      | Found a burning altar of Makhleb.
  3929 | D:6      | Reached XP level 9. HP: 69/69 MP: 9/9
  3995 | D:6      | Reached skill level 5 in Armour
  3999 | D:6      | Found Gozag's Platinum Reserve.
  4279 | D:6      | Reached skill level 5 in Dodging
  4478 | D:6      | Found a shadowy altar of Dithmenos.
  4575 | D:6      | Reached skill level 7 in Evocations
  4764 | D:6      | Found an opulent altar of Gozag.
  5703 | D:7      | Reached XP level 10. HP: 67/77 MP: 10/10
  5783 | D:7      | Found a blossoming altar of Fedhas.
  5790 | D:7      | Noticed Maggie
  5795 | D:7      | Reached skill level 8 in Evocations
  5802 | D:7      | Killed from afar by Maggie

Illustrated notes

Levels and vault maps discovered:
D:1:      dpeg_arrival_tiny_a, layout_loops_ring, minmay_misc_feat_iff,
          bh_walls_and_bars
D:2:      layout_loops_ring
D:3:      layout_loops_ring, minmay_goblin_kobold_house
D:4:      layout_loops_ring, minmay_manual_monolith, uniq_pikel
D:5:      layout_loops_cross, gammafunk_ghost_hive, sigmund_army,
          uniq_crazy_yiuf_cottage
D:6:      layout_basic, nicolae_gozag_zags_fifth_avenue,
          grunt_dithmenos_smoke_and_mirrors, mainiacjoe_overflow_boulevard,
          nicolae_water_bricks
D:7:      layout_layer_cave, kennysheep_little_box,
          minmay_temple_entry_crystal_x, uniq_maggie

Skill      XL: |  1  2  3  4  5  6  7  8  9 10 |
---------------+-------------------------------+-----
Armour         | 2 3 4 5 6 |  6.0
Dodging        | 2 3 4 5 |  5.8
Evocations     | 1 2 3 4 5 6 7 8 |  8.0
Fighting       | 4 5 6 |  6.9
Axes           | 4 5 6 |  6.8

Action                     |  1- 3 |  4- 6 |  7- 9 | 10-12 || total
---------------------------+-------+-------+-------+-------++-------
  Melee: Hand axe          |    69 |    71 |   194 |    10 ||   344
         Dagger            |    29 |       |       |       ||    29
         Mace              |    24 |    12 |       |       ||    36
         War axe           |       |    62 |   187 |    10 ||   259
 Invoke: Trog's Hand       |       |     2 |     8 |       ||    10
         Berserk           |       |     2 |     6 |       ||     8
  Evoke: Wand              |       |       |       |     1 ||     1
    Use: Scroll            |       |     3 |       |       ||     3
         Potion            |       |       |     3 |       ||     3
   Stab: Sleeping          |     1 |       |       |       ||     1
 Armour: Animal skin       |    26 |       |       |       ||    26
         Ring mail         |    19 |    10 |       |       ||    29
         Plate armour      |       |    61 |   247 |     8 ||   316
  Dodge: Dodged            |    63 |    28 |   114 |     5 ||   210

Table legend: (Time is in decaauts)
 A = Elapsed time spent in this place.
 B = Non-inter-level travel time spent in this place.
 C = Inter-level travel time spent in this place.
 D = Time resting spent in this place.
 E = Time spent auto-exploring this place.
 F = Levels seen in this place.
 G = Mean time per level.
                   A        B        C        D        E       F      G
               +--------+--------+--------+--------+--------+-----+--------+
         Total |   5904 |   5720 |    184 |    347 |   4214 |   7 |  843.4 |
       Dungeon |   5904 |   5720 |    184 |    347 |   4214 |   7 |  843.4 |
               +--------+--------+--------+--------+--------+-----+--------+

Top non-repeatable levels by time:
     D:6: 1050 daAuts
     D:4: 944 daAuts
     D:3: 920 daAuts
     D:7: 899 daAuts
     D:5: 802 daAuts
     D:1: 670 daAuts
     D:2: 616 daAuts
